 Dungeon Crawl Stone Soup version 0.30-b1-2-g02819fbbbe (webtiles) character file.

Game seed: 8496851785523686414

368 Alarkh the Insei (level 6, 0/47 HPs)
             Began as a Demonspawn Chaos Knight on May 21, 2023.
             Was a Plaything of Xom.
             Succumbed to a killer bee's poison
             ... on level 5 of the Dungeon.
             The game lasted 00:06:18 (3165 turns).

Alarkh the Insei (Demonspawn Chaos Knight)          Turns: 3165, Time: 00:06:19

Health: 0/47       AC:  7    Str: 12      XL:     6   Next: 41%
Magic:  6/6        EV: 11    Int: 15      God:    Xom [...*..]
Gold:   137        SH:  0    Dex: 12 (13) Spells: 5/5 levels left

rFire   . .          .
                       - Unarmed
rCold   . . .        (no shield)
rNeg    . . .        a - +2 leather armour
rPois   .            o - +0 hat
rElec   .            (no cloak)
rCorr   .            (no gloves)
SInv    .            (no boots)
Will    .....        (no amulet)
Stlth   +            (no ring)
HPRegen 0.27/turn    (no ring)
MPRegen 0.10/turn

%: no passive effects
@: lethally poisoned (0 -> -4), on berserk cooldown, studying Evocations
A: slimy green scales 1, powered by death 2, wild magic 1
a: Renounce Religion


You were on level 5 of the Dungeon.
You worshipped Xom.
You were a favourite toy of Xom.
You visited 1 branch of the dungeon, and saw 5 of its levels.

You collected 192 gold pieces.
You spent 55 gold pieces at shops.

Inventory:

Armour
 a - a +2 leather armour (worn)
 c - a scarf of harm
 o - a +0 hat (worn)
Magical Staves
 q - a staff of fire
Jewellery
 u - the dreamshard necklace {*Dream Drain}
   (You found it on level 3 of the Dungeon)

   [amulet of nothing]

   *Dream:    It shatters if its wearer takes lethal or near-lethal damage,
   preventing the blow and releasing protective dreams that heal and fight for
   the wearer.
   Drain:     It drains your maximum health when unequipped.
Scrolls
 d - a scroll of teleportation
 e - a scroll of poison {unknown}
 f - a scroll of enchant armour {unknown}
 h - a scroll of immolation {unknown}
 j - a scroll of blinking
 l - a scroll of enchant weapon {unknown}
 n - a scroll of acquirement
 p - a scroll of magic mapping {unknown}
 r - a scroll of identify
Potions
 g - a potion of mutation
 k - a potion of haste
 t - a potion of heal wounds {unknown}
 v - a potion of brilliance {unknown}
 w - a potion of berserk rage
Miscellaneous
 b - a piece from Xom's chessboard (15/15) (quivered)


   Skills:
 + Level 3.5 Fighting
 - Level 1.7 Armour
 - Level 0.8 Dodging
 * Level 6.2 Unarmed Combat
 + Level 2.2 Evocations


You had 5 spell levels left.
You didn't know any spells.
Your spell library contained the following spells:

 Spells                   Type           Power      Damage    Failure   Level
 Sandblast                Erth           0%         2d4       43%         1
 Animate Armour           Summ/Erth      0%         N/A       99%         4
 Conjure Ball Lightning   Conj/Air       0%         3x3d6     100%        6


Dungeon Overview and Level Annotations

Branches:
Dungeon (5/15)             Temple (0/1) D:4

Altars:
Sif Muna

Shops:
D:1 *

Annotations:
D:4 Eustachio


Innate Abilities, Weirdness & Mutations

You are partially covered in slimy green scales. (AC +2)
You regenerate health from kills.
Your spells are a little harder to cast, but a little more powerful.


Message History

You closely miss the killer bee.
The killer bee is severely wounded.
You feel sick.
Your ufetubus degenerates into a cloud of primal chaos!
The killer bee stings you!
* * * LOW HITPOINT WARNING * * *
You are more poisoned.
The killer bee poisons you!
Your quasit bites the killer bee.
Your quasit claws the killer bee.
The killer bee dies!
Your Evocations skill increases to level 2!
You start resting.
* * * LOW HITPOINT WARNING * * *
You feel very sick.
You start resting.
You feel a strong urge to attack something.
* * * LOW HITPOINT WARNING * * *
You feel sick.
You are too berserk!
You are no longer berserk.
You are exhausted.
You feel yourself slow down.
* * * LOW HITPOINT WARNING * * *
You feel sick.
It was a potion of might.
You feel very mighty all of a sudden.
* * * LOW HITPOINT WARNING * * *
You feel very sick.
It was a potion of cancellation.
Your magical effects are unravelling.
You feel magically purged.
You feel yourself speed up.
You feel a little less mighty now.
* * * LOW HITPOINT WARNING * * *
You feel sick.
Okay, then.
You start putting on your amulet.
You continue putting on the dreamshard necklace {*Dream Drain}.
Keep equipping yourself?
You die...
Xom howls with laughter!

### ##########...#
#..........#.##
#..............
####............#
..#............#
#.#............#
####[#.#..5.........#
y......†..†5@..>.....#
.#.##...######..##.....
###.######..# ....
..........#######
##.######........
#.#### #..#####.#
.......#.........
.............##.
......##.##.#


You could see 2 friendly quasits.

Vanquished Creatures
  2 killer bees (D:5)
  An iguana (D:4)
  An orc wizard (D:3)
  6 adders
  2 white imps
  A worm (D:3)
  7 orcs
  3 ball pythons
  3 bats
  9 endoplasms
  A giant cockroach (D:2)
  6 hobgoblins
  7 jackals
  8 kobolds
  2 quokkas (D:2)
  2 frilled lizards
  6 goblins
  2 rats (D:1)
69 creatures vanquished.

Vanquished Creatures (collateral kills)
  2 killer bees (D:5)
2 creatures vanquished.

Grand Total: 71 creatures vanquished

Notes
Turn   | Place    | Note
-------+----------+-------------------------------------------
     0 | D:1      | Alarkh the Demonspawn Chaos Knight began the quest for the
                  | Orb.
     0 | D:1      | Reached XP level 1. HP: 18/18 MP: 1/1
   111 | D:1      | XOM: silly message
   116 | D:1      | Found Muga's General Store.
   139 | D:1      | XOM: 1-stop teleportation journey
   152 | D:1      | Reached skill level 3 in Unarmed Combat
   176 | D:1      | Gained mutation: You regenerate a little health from kills.
                  | [demonic ancestry]
   176 | D:1      | Reached XP level 2. HP: 16/24 MP: 2/2
   281 | D:1      | XOM: 6-stop teleportation journey
   511 | D:1      | XOM: smoke on damage
   753 | D:1      | Bought a scroll of teleportation for 33 gold pieces
   753 | D:1      | Bought a scroll of identify for 22 gold pieces
   848 | D:2      | Reached XP level 3. HP: 29/29 MP: 3/3
   925 | D:2      | Reached skill level 4 in Unarmed Combat
  1070 | D:2      | You fall into a shaft and drop 2 floors!
  1073 | D:5      | Entered Level 5 of the Dungeon
  1154 | D:3      | XOM: confuse monster(s)
  1257 | D:2      | Reached XP level 4. HP: 29/34 MP: 4/4
  1353 | D:2      | Found a faded altar of an unknown god.
  1839 | D:3      | Got Dioch's Writings on the Heavy Cumulonimbus
  2131 | D:3      | Found a shimmering blue altar of Sif Muna.
  2213 | D:3      | Reached skill level 5 in Unarmed Combat
  2218 | D:3      | XOM: confuse monster(s)
  2237 | D:3      | Gained mutation: You regenerate health from kills. [demonic
                  | ancestry]
  2237 | D:3      | Reached XP level 5. HP: 38/41 MP: 5/5
  2275 | D:3      | Found the dreamshard necklace {*Dream Drain}
  2363 | D:4      | XOM: give mutation
  2363 | D:4      | Gained mutation: Your spells are a little harder to cast,
                  | but a little more powerful. [Xom's mischief]
  2663 | D:4      | XOM is BORED!
  2663 | D:4      | XOM: summons 1 hostile demon
  2689 | D:4      | Noticed Eustachio
  2711 | D:4      | Found a staircase to the Ecumenical Temple.
  2714 | D:4      | XOM: potion effect (brilliance)
  2847 | D:4      | XOM: butterfly on damage
  2984 | D:5      | XOM: summons 4 hostile shadow creatures
  3122 | D:5      | Identified 2 scrolls of acquirement
  3122 | D:5      | Acquired a manual of Evocations
  3135 | D:5      | XOM: summons 4 friendly demons
  3139 | D:5      | Reached skill level 1 in Evocations
  3145 | D:5      | Reached skill level 6 in Unarmed Combat
  3145 | D:5      | Gained mutation: You are partially covered in slimy green
                  | scales. (AC +2) [demonic ancestry]
  3145 | D:5      | Reached XP level 6. HP: 42/47 MP: 6/6
  3164 | D:5      | HP: 1/47 [poisoned by a killer bee]
  3165 | D:5      | Succumbed to a killer bee's poison

Illustrated notes

Levels and vault maps discovered:
D:1:      amcnicky_arrival_choice, layout_loops_ring, serial_shops, shop
D:2:      layout_basic, hellmonk_ecumenical_altar_run_dry
D:3:      minmay_door_path, layout_basic, lemuel_blue_sif_altar
D:4:      layout_cave_pods, minmay_temple_entry_from_below_a,
          minmay_misc_feat_secret_circle, item_on_display_a, uniq_eustachio
D:5:      layout_basic, nicolae_overflow_hidden_temple,
          kennysheep_generic_room_15

Skill      XL: |  1  2  3  4  5  6 |
---------------+-------------------+-----
Unarmed Combat | 3 4 5 6 |  6.2
Evocations     | 1 2 |  2.2
Fighting       | |  3.5
Armour         | |  1.7
Dodging        | |  0.8

Action                     |  1- 3 |  4- 6 || total
---------------------------+-------+-------++-------
  Melee: Unarmed           |   180 |   170 ||   350
         Punch             |     3 |     4 ||     7
  Evoke: Piece from Xom's  |       |     3 ||     3
    Use: Scroll            |     1 |     5 ||     6
         Potion            |       |     7 ||     7
   Stab: Confused          |       |     3 ||     3
         Paralysed         |       |     2 ||     2
 Armour: Leather armour    |    58 |    79 ||   137
  Dodge: Dodged            |   111 |   121 ||   232
